[ AOE2 MATCH · #488477990 ]
UnrankedEthiopians vs Wu
[ REPLAY ANALYSIS · EXTRACTED FROM THE RECORDED GAME ]
Feudal
8:09
Castle
16:34
Imperial
—
| APM avg | 26.5 |
| APM peak | 53 |
| eAPM avg | 12.1 |
| Villagers / military | 43 / 46 |
Focus
⚔️ 31.5% · 🌾 68.5%
Archer ×42 · Skirmisher ×3 · Spearman ×1
Feudal
—
Castle
—
Imperial
—
| APM avg | 26.0 |
| APM peak | 50 |
| eAPM avg | 11.0 |
| Villagers / military | 41 / 14 |
Focus
⚔️ 32.8% · 🌾 67.2%
Unknown (1974) ×12 · Militia ×9 · Skirmisher ×4 · Spearman ×1
Feudal
8:44
Castle
12:19
Imperial
18:10
| APM avg | 17.6 |
| APM peak | 50 |
| eAPM avg | 12.8 |
| Villagers / military | 49 / 25 |
Focus
⚔️ 23.8% · 🌾 76.2%
Flemish Militia ×16 · Knight ×9
Feudal
9:20
Castle
13:41
Imperial
—
| APM avg | 33.2 |
| APM peak | 61 |
| eAPM avg | 15.5 |
| Villagers / military | 47 / 35 |
Focus
⚔️ 21.3% · 🌾 78.7%
Knight ×26 · Camel Scout ×7 · Scout Cavalry ×2
Feudal
8:05
Castle
11:58
Imperial
—
| APM avg | 22.1 |
| APM peak | 52 |
| eAPM avg | 11.9 |
| Villagers / military | 58 / 33 |
Focus
⚔️ 27.2% · 🌾 72.8%
Chakram Thrower ×13 · Camel Scout ×10 · Elephant Archer ×8 · Archer ×1 · Mangonel ×1
Feudal
8:48
Castle
13:06
Imperial
—
| APM avg | 39.9 |
| APM peak | 65 |
| eAPM avg | 18.3 |
| Villagers / military | 66 / 34 |
Focus
⚔️ 41.4% · 🌾 58.6%
Spearman ×18 · Camel Scout ×16
Match map
Initial resources + every placement click. Lines = walls · curves = elevation contours. ◆ gold · ⬟ stone · ● berries · ✦ relic · ◌ wall gap
Your base· Open — 4t gap
Martwy Kogut's base· Open — unwalled flank
Birchman's base· Open — unwalled flank
yopponti's base· Open — unwalled flank
Rodzenberg's base· Open — unwalled flank
Jokerwin's base· Open — unwalled flank
Smoothed initial terrain · ◌ = detected wall gap · hover for details
Inputs per minute
— [AJJRR] Minillop - - Martwy Kogut
Build order — [AJJRR] Minillop
118 actions detected in the replay
| 0:00 | Create | Villager (Male) |
| 0:01 | Create | Villager (Male) |
| 0:01 | Create | Villager (Male) |
| 0:03 | Build | House |
| 0:05 | Build | House |
| 0:08 | Research | Loom |
| 0:22 | Build | House |
| 0:30 | Create | Villager (Male) |
| 0:30 | Create | Villager (Male) |
| 0:50 | Create | Villager (Male) |
| 0:50 | Create | Villager (Male) |
| 0:50 | Create | Villager (Male) |
| 1:10 | Create | Villager (Male) |
| 1:11 | Create | Villager (Male) |
| 1:27 | Create | Villager (Male) |
| 1:27 | Create | Villager (Male) |
| 1:43 | Create | Villager (Male) |
| 1:43 | Create | Villager (Male) |
| 1:56 | Create | Villager (Male) |
| 1:56 | Create | Villager (Male) |
| 2:13 | Create | Villager (Male) |
| 2:13 | Create | Villager (Male) |
| 2:44 | Build | Mill |
| 3:39 | Create | Villager (Male) |
| 3:39 | Create | Villager (Male) |
| 3:46 | Build | House |
| 3:52 | Build | Palisade Wall |
| 4:26 | Build | Lumber Camp |
| 5:02 | Create | Villager (Male) |
| 5:03 | Create | Villager (Male) |
| 5:22 | Research | Feudal Age |
| 5:32 | Create | Villager (Male) |
| 5:33 | Create | Villager (Male) |
| 5:38 | Research | Feudal Age |
| 5:52 | Build | House |
| 5:55 | Build | Palisade Wall |
| 6:04 | Build | House |
| 6:09 | Build | Palisade Wall |
| 6:28 | Build | House |
| 6:34 | Build | Palisade Wall |
| 6:35 | Build | Palisade Wall |
| 6:39 | Build | House |
| 6:44 | Build | Palisade Wall |
| 7:34 | Build | Barracks |
| 8:09 | Age | Feudal Age |
| 8:13 | Create | Villager (Male) |
| 8:14 | Create | Villager (Male) |
| 8:49 | Build | Archery Range |
| 9:04 | Research | Wheelbarrow |
| 9:18 | Create | Spearman |
| 9:55 | Create | Skirmisher |
| 9:56 | Create | Skirmisher |
| 9:56 | Create | Skirmisher |
| 10:21 | Create | Archer |
| 10:21 | Create | Archer |
| 10:27 | Build | Archery Range |
| 11:03 | Create | Villager (Male) |
| 11:03 | Create | Villager (Male) |
| 11:03 | Create | Villager (Male) |
| 11:04 | Create | Villager (Male) |
| 11:09 | Create | Archer |
| 11:09 | Create | Archer |
| 11:09 | Create | Archer |
| 11:26 | Build | Blacksmith |
| 12:02 | Research | Fletching |
| 12:02 | Research | Fletching |
| 12:35 | Create | Archer ×5 |
| 13:29 | Create | Villager (Male) |
| 13:29 | Create | Villager (Male) |
| 13:29 | Create | Villager (Male) |
| 13:33 | Research | Castle Age |
| 13:45 | Build | Mining Camp |
| 13:50 | Create | Archer ×5 |
| 13:59 | Research | Padded Archer Armor |
| 15:06 | Create | Villager (Male) |
| 15:07 | Create | Villager (Male) |
| 15:07 | Create | Villager (Male) |
| 15:30 | Create | Archer ×4 |
| 16:10 | Create | Archer ×2 |
| 16:25 | Build | Archery Range |
| 16:32 | Create | Archer |
| 16:34 | Age | Castle Age |
| 16:42 | Research | Bodkin Arrow |
| 16:45 | Research | Thumb Ring |
| 16:55 | Research | Thumb Ring |
| 16:59 | Research | Crossbowman (upgrade) |
| 17:08 | Build | House |
| 17:09 | Build | House |
| 17:10 | Build | House |
| 17:11 | Build | House |
| 17:16 | Build | University |
| 17:20 | Create | Villager (Male) |
| 17:20 | Create | Villager (Male) |
| 17:21 | Create | Villager (Male) |
| 17:38 | Build | Farm |
| 17:46 | Research | Horse Collar |
| 18:06 | Create | Archer ×5 |
| 18:06 | Create | Archer ×2 |
| 18:26 | Research | Double-Bit Axe |
| 19:27 | Create | Archer ×5 |
| 19:35 | Create | Villager (Male) |
| 19:36 | Create | Villager (Male) |
| 19:36 | Create | Villager (Male) |
| 19:36 | Create | Villager (Male) |
| 19:41 | Build | Farm |
| 19:41 | Build | Farm |
| 19:41 | Build | Farm |
| 19:41 | Build | Farm |
| 19:42 | Build | Farm |
| 19:42 | Build | Farm |
| 20:15 | Create | Archer ×4 |
| 20:51 | Build | House |
| 20:52 | Build | House |
| 20:53 | Build | House |
| 20:54 | Build | House |
| 20:56 | Build | House |
| 20:57 | Create | Archer ×4 |
| 21:41 | Research | Ballistics |
Build order — Martwy Kogut
109 actions detected in the replay
| 0:02 | Create | Villager (Male) |
| 0:03 | Create | Villager (Male) |
| 0:03 | Create | Villager (Male) |
| 0:03 | Create | Villager (Male) |
| 0:04 | Create | Villager (Male) |
| 0:07 | Build | House |
| 0:08 | Build | House |
| 0:32 | Create | Villager (Male) |
| 0:32 | Create | Villager (Male) |
| 1:32 | Create | Villager (Male) |
| 1:33 | Create | Villager (Male) |
| 1:33 | Create | Villager (Male) |
| 1:34 | Research | Loom |
| 1:48 | Create | Villager (Male) |
| 1:48 | Create | Villager (Male) |
| 1:48 | Create | Villager (Male) |
| 2:14 | Create | Villager (Male) |
| 2:14 | Create | Villager (Male) |
| 2:27 | Create | Villager (Male) |
| 2:31 | Research | Loom |
| 2:48 | Build | Mining Camp |
| 2:56 | Build | Mill |
| 2:59 | Create | Villager (Male) |
| 2:59 | Create | Villager (Male) |
| 2:59 | Create | Villager (Male) |
| 3:34 | Create | Villager (Male) |
| 3:37 | Create | Villager (Male) |
| 3:37 | Create | Villager (Male) |
| 3:38 | Create | Villager (Male) |
| 3:48 | Build | House |
| 3:49 | Build | House |
| 3:52 | Build | House |
| 3:59 | Create | Villager (Male) |
| 4:24 | Research | Feudal Age |
| 5:48 | Build | Palisade Wall |
| 5:56 | Build | Palisade Wall |
| 6:01 | Build | Palisade Wall |
| 7:20 | Create | Villager (Male) ×5 |
| 7:39 | Build | Barracks |
| 8:35 | Build | Lumber Camp |
| 8:49 | Create | Militia |
| 8:49 | Create | Militia |
| 8:50 | Research | Man-at-Arms (upgrade) |
| 9:34 | Create | Militia |
| 9:35 | Create | Militia |
| 9:36 | Research | Arson |
| 10:14 | Build | Archery Range |
| 10:28 | Create | Militia |
| 10:34 | Build | Blacksmith |
| 10:37 | Create | Villager (Male) |
| 10:37 | Create | Villager (Male) |
| 10:37 | Create | Villager (Male) |
| 10:37 | Create | Villager (Male) |
| 10:37 | Create | Villager (Male) |
| 10:52 | Build | Mill |
| 11:18 | Create | Spearman |
| 11:30 | Create | Skirmisher |
| 11:30 | Create | Skirmisher |
| 11:30 | Create | Skirmisher |
| 11:30 | Create | Skirmisher |
| 12:15 | Create | Villager (Male) |
| 12:20 | Research | Castle Age |
| 12:34 | Build | Watch Tower |
| 12:39 | Create | Militia |
| 12:39 | Create | Militia |
| 13:10 | Research | Scale Mail Armor |
| 13:50 | Create | Militia |
| 13:50 | Create | Militia |
| 14:00 | Build | Barracks |
| 14:14 | Build | Watch Tower |
| 14:50 | Build | Watch Tower |
| 15:16 | Create | Unit 1974 |
| 15:16 | Create | Unit 1974 |
| 15:17 | Create | Unit 1974 |
| 15:17 | Create | Unit 1974 |
| 15:18 | Research | Squires |
| 15:29 | Research | Long Swordsman (upgrade) |
| 16:01 | Build | Barracks |
| 16:19 | Build | Farm |
| 16:19 | Build | Farm |
| 16:19 | Build | Farm |
| 16:19 | Build | Farm |
| 16:20 | Build | Farm |
| 16:20 | Build | Farm |
| 16:54 | Research | Double-Bit Axe |
| 16:57 | Create | Villager (Male) |
| 16:58 | Create | Villager (Male) |
| 16:58 | Create | Villager (Male) |
| 16:58 | Create | Villager (Male) |
| 17:21 | Build | Farm |
| 17:21 | Build | Farm |
| 17:21 | Build | Farm |
| 17:21 | Build | Farm |
| 17:23 | Create | Villager (Male) |
| 17:23 | Create | Villager (Male) |
| 17:44 | Create | Unit 1974 |
| 17:44 | Create | Unit 1974 |
| 18:21 | Create | Unit 1974 |
| 18:21 | Create | Unit 1974 |
| 18:22 | Create | Unit 1974 |
| 18:22 | Create | Unit 1974 |
| 18:36 | Build | Watch Tower |
| 18:54 | Create | Unit 1974 |
| 18:55 | Create | Unit 1974 |
| 19:44 | Research | Fletching |
| 19:52 | Research | Wheelbarrow |
| 20:14 | Build | Watch Tower |
| 20:22 | Research | Town Watch |
| 20:49 | Build | Lumber Camp |
Build order — Birchman
124 actions detected in the replay
| 0:03 | Build | House |
| 0:05 | Build | House |
| 0:19 | Create | Villager (Male) |
| 0:20 | Research | Loom |
| 0:20 | Research | Loom |
| 0:24 | Build | House |
| 0:27 | Build | House |
| 0:35 | Create | Villager (Male) |
| 0:35 | Create | Villager (Male) |
| 0:36 | Create | Villager (Male) |
| 0:50 | Create | Villager (Male) |
| 0:51 | Create | Villager (Male) |
| 1:19 | Create | Villager (Male) |
| 1:20 | Create | Villager (Male) |
| 1:50 | Create | Villager (Male) |
| 1:50 | Create | Villager (Male) |
| 2:14 | Create | Villager (Male) |
| 2:14 | Create | Villager (Male) |
| 2:24 | Create | Villager (Male) |
| 2:24 | Create | Villager (Male) |
| 2:32 | Build | Lumber Camp |
| 2:55 | Create | Villager (Male) |
| 2:56 | Create | Villager (Male) |
| 3:20 | Create | Villager (Male) |
| 3:20 | Create | Villager (Male) |
| 3:20 | Create | Villager (Male) |
| 3:41 | Create | Villager (Male) |
| 3:51 | Build | Mill |
| 4:07 | Create | Villager (Male) |
| 4:27 | Research | Double-Bit Axe |
| 4:48 | Create | Villager (Male) |
| 4:48 | Create | Villager (Male) |
| 5:38 | Create | Villager (Male) |
| 5:56 | Create | Villager (Male) |
| 6:19 | Research | Feudal Age |
| 6:56 | Build | Mill |
| 7:03 | Create | Villager (Male) |
| 8:43 | Research | Horse Collar |
| 8:44 | Age | Feudal Age |
| 8:48 | Build | Blacksmith |
| 8:54 | Build | Barracks |
| 9:07 | Build | Market |
| 9:14 | Create | Villager (Male) |
| 9:14 | Create | Villager (Male) |
| 9:23 | Research | Scale Barding Armor |
| 9:38 | Research | Castle Age |
| 9:49 | Research | Bow Saw |
| 10:40 | Research | Heavy Plow |
| 10:59 | Build | Mining Camp |
| 12:08 | Build | Barracks |
| 12:19 | Age | Castle Age |
| 12:22 | Research | Chain Barding Armor |
| 12:23 | Research | Forging |
| 12:36 | Build | University |
| 12:55 | Create | Villager (Male) ×5 |
| 13:04 | Build | Monastery |
| 13:11 | Research | Padded Archer Armor |
| 13:22 | Build | Mining Camp |
| 13:31 | Build | Farm |
| 13:33 | Research | Wheelbarrow |
| 14:09 | Research | Imperial Age |
| 14:43 | Build | Town Center |
| 15:07 | Build | Farm |
| 15:08 | Build | Farm |
| 15:08 | Build | Farm |
| 15:08 | Build | Farm |
| 15:09 | Build | Farm |
| 15:09 | Build | Farm |
| 15:10 | Build | Farm |
| 15:10 | Build | Farm |
| 15:10 | Build | Farm |
| 15:14 | Build | Farm |
| 15:43 | Build | Archery Range |
| 16:10 | Research | Gold Mining |
| 16:34 | Create | Flemish Militia ×5 |
| 16:35 | Create | Flemish Militia ×5 |
| 16:35 | Create | Flemish Militia ×3 |
| 16:43 | Build | Archery Range |
| 17:02 | Build | Stable |
| 17:13 | Build | Farm |
| 17:18 | Create | Villager (Male) ×3 |
| 17:24 | Build | Farm |
| 17:24 | Build | Farm |
| 17:33 | Create | Knight |
| 17:33 | Create | Knight |
| 17:49 | Build | House |
| 17:51 | Build | House |
| 17:52 | Build | House |
| 17:53 | Build | House |
| 18:10 | Age | Imperial Age |
| 18:35 | Create | Villager (Male) |
| 18:40 | Create | Villager (Male) ×5 |
| 18:45 | Build | Farm |
| 18:45 | Build | Farm |
| 18:45 | Build | Farm |
| 18:46 | Build | Farm |
| 19:10 | Create | Knight |
| 19:10 | Create | Knight |
| 19:37 | Create | Villager (Male) |
| 19:38 | Create | Villager (Male) |
| 19:45 | Build | Barracks |
| 19:48 | Create | Knight |
| 20:25 | Create | Knight |
| 20:26 | Create | Knight |
| 20:29 | Create | Villager (Male) |
| 20:29 | Create | Villager (Male) |
| 20:31 | Create | Villager (Male) |
| 20:31 | Create | Villager (Male) |
| 20:32 | Create | Villager (Male) |
| 20:42 | Build | Farm |
| 20:42 | Build | Farm |
| 20:43 | Build | Farm |
| 20:55 | Build | Farm |
| 20:55 | Build | Farm |
| 20:56 | Build | Farm |
| 20:56 | Build | Farm |
| 21:01 | Create | Knight |
| 21:33 | Build | Farm |
| 21:33 | Build | Farm |
| 21:36 | Create | Knight |
| 21:40 | Research | Chemistry |
| 21:57 | Create | Flemish Militia |
| 21:59 | Create | Flemish Militia |
| 21:59 | Create | Flemish Militia |
Build order — yopponti
142 actions detected in the replay
| 0:05 | Build | House |
| 0:07 | Build | House |
| 0:21 | Create | Villager (Male) |
| 0:21 | Create | Villager (Male) |
| 0:21 | Create | Villager (Male) |
| 0:22 | Create | Villager (Male) |
| 0:22 | Create | Villager (Male) |
| 0:36 | Create | Villager (Male) |
| 0:40 | Build | House |
| 1:07 | Create | Villager (Male) |
| 1:29 | Create | Villager (Male) |
| 1:29 | Create | Villager (Male) |
| 1:53 | Create | Villager (Male) |
| 1:54 | Create | Villager (Male) |
| 1:54 | Create | Villager (Male) |
| 2:17 | Create | Villager (Male) |
| 2:31 | Create | Villager (Male) |
| 2:31 | Create | Villager (Male) |
| 2:48 | Create | Villager (Male) |
| 2:48 | Create | Villager (Male) |
| 3:09 | Create | Villager (Male) |
| 3:10 | Create | Villager (Male) |
| 3:31 | Create | Villager (Male) |
| 3:31 | Create | Villager (Male) |
| 3:46 | Build | Mill |
| 3:52 | Create | Villager (Male) |
| 4:12 | Create | Villager (Male) |
| 4:57 | Create | Villager (Male) |
| 5:10 | Build | Lumber Camp |
| 5:14 | Create | Villager (Male) |
| 6:15 | Build | House |
| 6:18 | Build | House |
| 6:25 | Research | Feudal Age |
| 6:30 | Research | Loom |
| 6:31 | Create | Villager (Male) |
| 6:34 | Research | Feudal Age |
| 7:03 | Build | House |
| 7:05 | Build | House |
| 7:38 | Build | Mill |
| 8:12 | Create | Villager (Male) |
| 8:12 | Create | Villager (Male) |
| 8:45 | Build | Mining Camp |
| 9:20 | Age | Feudal Age |
| 9:28 | Build | Market |
| 9:32 | Build | Blacksmith |
| 10:00 | Create | Villager (Male) |
| 10:23 | Build | Watch Tower |
| 11:01 | Research | Castle Age |
| 11:17 | Build | Lumber Camp |
| 11:46 | Build | House |
| 11:49 | Build | House |
| 11:51 | Build | House |
| 12:37 | Build | Barracks |
| 13:16 | Research | Double-Bit Axe |
| 13:20 | Research | Horse Collar |
| 13:27 | Build | Stable |
| 13:41 | Age | Castle Age |
| 14:02 | Build | Town Center |
| 14:13 | Create | Knight |
| 14:15 | Create | Knight |
| 14:20 | Build | Stable |
| 14:23 | Create | Villager (Male) |
| 14:26 | Create | Villager (Male) |
| 14:30 | Create | Villager (Male) |
| 14:34 | Research | Forging |
| 15:14 | Create | Knight |
| 15:15 | Create | Knight |
| 15:19 | Create | Villager (Male) |
| 15:25 | Create | Villager (Male) |
| 15:26 | Research | Wheelbarrow |
| 15:27 | Research | Town Watch |
| 15:35 | Build | Town Center |
| 15:36 | Create | Villager (Male) |
| 15:43 | Build | Town Center |
| 15:44 | Create | Villager (Male) |
| 16:14 | Research | Bloodlines |
| 16:14 | Create | Knight |
| 16:14 | Create | Camel Scout |
| 16:25 | Create | Camel Scout |
| 16:25 | Create | Knight |
| 16:28 | Create | Villager (Male) |
| 16:40 | Build | Farm |
| 16:44 | Build | Farm |
| 16:46 | Build | Farm |
| 16:47 | Build | Farm |
| 16:48 | Build | Farm |
| 16:49 | Build | Farm |
| 16:57 | Create | Villager (Male) |
| 17:28 | Create | Camel Scout |
| 17:34 | Research | Scale Barding Armor |
| 17:44 | Create | Knight |
| 17:44 | Create | Knight |
| 17:44 | Create | Camel Scout |
| 18:23 | Create | Knight |
| 18:23 | Create | Knight |
| 18:24 | Create | Camel Scout |
| 18:25 | Create | Villager (Male) |
| 18:26 | Create | Villager (Male) |
| 18:37 | Build | Farm |
| 18:38 | Create | Villager (Male) |
| 18:38 | Create | Villager (Male) |
| 18:47 | Build | House |
| 18:48 | Build | House |
| 18:49 | Build | House |
| 18:50 | Create | Villager (Male) |
| 18:51 | Create | Villager (Male) |
| 19:30 | Create | Knight |
| 19:30 | Create | Knight |
| 19:30 | Create | Camel Scout |
| 19:31 | Create | Camel Scout |
| 19:50 | Create | Knight |
| 19:50 | Create | Knight |
| 19:50 | Create | Knight |
| 20:02 | Create | Scout Cavalry |
| 20:03 | Create | Scout Cavalry |
| 20:11 | Create | Knight |
| 20:11 | Create | Knight |
| 20:11 | Research | Husbandry |
| 20:34 | Create | Knight |
| 20:43 | Research | Chain Barding Armor |
| 20:54 | Create | Villager (Male) |
| 20:56 | Create | Knight |
| 21:26 | Create | Knight |
| 21:26 | Create | Knight |
| 21:26 | Create | Knight |
| 21:43 | Create | Knight |
| 21:43 | Create | Knight |
| 21:46 | Create | Villager (Male) |
| 21:46 | Create | Villager (Male) |
| 21:54 | Build | Farm |
| 21:55 | Build | Farm |
| 21:55 | Build | Farm |
| 21:55 | Build | Farm |
| 21:55 | Build | Farm |
| 21:56 | Build | Farm |
| 21:56 | Build | Farm |
| 21:56 | Build | Farm |
| 21:58 | Build | Farm |
| 21:59 | Build | Farm |
| 21:59 | Build | Farm |
| 22:11 | Create | Knight |
| 22:11 | Create | Knight |
Build order — Rodzenberg
147 actions detected in the replay
| 0:02 | Create | Villager (Male) |
| 0:04 | Build | House |
| 0:06 | Build | House |
| 0:10 | Research | Loom |
| 0:10 | Create | Villager (Male) |
| 0:10 | Create | Villager (Male) |
| 0:11 | Create | Villager (Male) |
| 0:11 | Create | Villager (Male) |
| 0:11 | Create | Villager (Male) |
| 0:11 | Create | Villager (Male) |
| 0:29 | Build | Mill |
| 0:33 | Create | Villager (Male) |
| 0:33 | Create | Villager (Male) |
| 0:33 | Create | Villager (Male) |
| 1:21 | Create | Villager (Male) |
| 1:21 | Create | Villager (Male) |
| 1:38 | Create | Villager (Male) |
| 2:04 | Create | Villager (Male) |
| 2:04 | Create | Villager (Male) |
| 2:04 | Create | Villager (Male) |
| 2:20 | Build | Lumber Camp |
| 2:23 | Create | Villager (Male) |
| 2:48 | Create | Villager (Male) |
| 2:48 | Create | Villager (Male) |
| 3:17 | Create | Villager (Male) |
| 3:18 | Create | Villager (Male) |
| 3:35 | Create | Villager (Male) |
| 3:46 | Build | House |
| 4:02 | Create | Villager (Male) |
| 4:02 | Create | Villager (Male) |
| 4:06 | Build | Mill |
| 5:28 | Research | Feudal Age |
| 6:02 | Create | Villager (Male) |
| 6:02 | Create | Villager (Male) |
| 6:19 | Build | House |
| 6:37 | Build | Barracks |
| 6:56 | Build | House |
| 8:05 | Age | Feudal Age |
| 8:10 | Build | Stable |
| 8:39 | Build | Blacksmith |
| 9:09 | Build | House |
| 9:11 | Build | House |
| 9:18 | Research | Castle Age |
| 9:24 | Research | Bloodlines |
| 9:27 | Research | Forging |
| 9:28 | Research | Scale Barding Armor |
| 9:50 | Research | Double-Bit Axe |
| 9:52 | Research | Horse Collar |
| 9:59 | Create | Camel Scout |
| 9:59 | Create | Camel Scout |
| 10:11 | Build | Palisade Wall |
| 10:12 | Build | Palisade Wall |
| 10:16 | Build | Palisade Wall |
| 10:31 | Create | Camel Scout |
| 10:32 | Create | Camel Scout |
| 10:44 | Build | Archery Range |
| 11:01 | Build | House |
| 11:03 | Build | House |
| 11:11 | Create | Camel Scout |
| 11:11 | Create | Camel Scout |
| 11:58 | Age | Castle Age |
| 12:06 | Create | Elephant Archer |
| 12:06 | Create | Elephant Archer |
| 12:08 | Build | House |
| 12:10 | Create | Villager (Male) |
| 12:23 | Build | Town Center |
| 12:26 | Create | Villager (Male) |
| 12:32 | Build | House |
| 12:49 | Create | Villager (Male) |
| 12:49 | Create | Villager (Male) |
| 13:06 | Create | Villager (Male) |
| 13:14 | Build | Mining Camp |
| 13:48 | Create | Elephant Archer |
| 13:48 | Create | Elephant Archer |
| 13:49 | Create | Elephant Archer |
| 14:06 | Create | Villager (Male) |
| 14:07 | Create | Villager (Male) |
| 14:21 | Build | Market |
| 14:24 | Create | Villager (Male) |
| 14:24 | Create | Villager (Male) |
| 14:24 | Create | Villager (Male) |
| 14:31 | Create | Elephant Archer |
| 14:46 | Build | Siege Workshop |
| 14:56 | Create | Villager (Male) |
| 14:57 | Create | Villager (Male) |
| 14:57 | Create | Villager (Male) |
| 14:57 | Create | Villager (Male) |
| 15:13 | Build | Outpost |
| 15:29 | Create | Mangonel |
| 15:32 | Create | Villager (Male) |
| 15:32 | Create | Villager (Male) |
| 16:03 | Create | Camel Scout |
| 16:04 | Create | Camel Scout |
| 17:13 | Build | Castle |
| 17:20 | Research | Wheelbarrow |
| 17:21 | Create | Villager (Male) |
| 17:30 | Create | Camel Scout |
| 17:30 | Create | Camel Scout |
| 17:40 | Create | Elephant Archer |
| 17:41 | Create | Elephant Archer |
| 17:52 | Build | Farm |
| 17:52 | Build | Farm |
| 17:52 | Build | Farm |
| 17:53 | Build | Farm |
| 17:53 | Build | Farm |
| 17:53 | Build | Farm |
| 17:54 | Build | Farm |
| 17:54 | Build | Farm |
| 17:54 | Build | Farm |
| 17:57 | Create | Villager (Male) |
| 17:57 | Create | Villager (Male) |
| 18:11 | Create | Villager (Male) |
| 18:11 | Create | Villager (Male) |
| 18:23 | Build | Farm |
| 18:23 | Build | Farm |
| 18:24 | Build | Farm |
| 18:26 | Create | Villager (Male) |
| 18:26 | Create | Villager (Male) |
| 18:45 | Build | House |
| 18:49 | Create | Villager (Male) |
| 18:49 | Create | Villager (Male) |
| 18:55 | Build | House |
| 19:04 | Create | Villager (Male) |
| 19:22 | Build | Farm |
| 19:30 | Research | Town Watch |
| 19:31 | Create | Villager (Male) |
| 19:31 | Create | Villager (Male) |
| 19:48 | Build | University |
| 20:06 | Create | Chakram Thrower |
| 20:07 | Create | Chakram Thrower |
| 20:07 | Create | Chakram Thrower |
| 20:23 | Create | Chakram Thrower |
| 20:23 | Create | Chakram Thrower |
| 20:27 | Create | Archer |
| 20:41 | Create | Chakram Thrower |
| 20:41 | Create | Chakram Thrower |
| 21:05 | Create | Chakram Thrower |
| 21:05 | Create | Chakram Thrower |
| 21:06 | Create | Chakram Thrower |
| 21:29 | Create | Chakram Thrower |
| 21:29 | Create | Chakram Thrower |
| 21:29 | Create | Chakram Thrower |
| 21:44 | Create | Villager (Male) |
| 21:44 | Create | Villager (Male) |
| 21:45 | Create | Villager (Male) |
| 21:45 | Create | Villager (Male) |
| 21:51 | Build | Farm |
Build order — Jokerwin
First 150 of 164 actions detected
| 0:00 | Create | Villager (Male) |
| 0:01 | Create | Villager (Male) |
| 0:02 | Build | House |
| 0:04 | Build | House |
| 0:04 | Create | Villager (Male) |
| 0:08 | Create | Villager (Male) |
| 0:08 | Create | Villager (Male) |
| 0:26 | Create | Villager (Male) |
| 0:51 | Create | Villager (Male) |
| 0:51 | Create | Villager (Male) |
| 1:11 | Create | Villager (Male) |
| 1:21 | Create | Villager (Male) |
| 1:40 | Create | Villager (Male) |
| 1:54 | Create | Villager (Male) |
| 1:55 | Create | Villager (Male) |
| 2:08 | Create | Villager (Male) |
| 2:08 | Create | Villager (Male) |
| 2:16 | Build | Lumber Camp |
| 2:56 | Create | Villager (Male) |
| 2:56 | Create | Villager (Male) |
| 3:08 | Create | Villager (Male) |
| 3:09 | Create | Villager (Male) |
| 3:22 | Create | Villager (Male) |
| 3:22 | Create | Villager (Male) |
| 3:22 | Create | Villager (Male) |
| 3:41 | Create | Villager (Male) |
| 3:41 | Create | Villager (Male) |
| 3:46 | Build | House |
| 3:48 | Build | House |
| 4:10 | Create | Villager (Male) |
| 4:11 | Create | Villager (Male) |
| 4:11 | Create | Villager (Male) |
| 4:15 | Build | Mill |
| 4:37 | Create | Villager (Male) |
| 4:37 | Create | Villager (Male) |
| 5:29 | Create | Villager (Male) |
| 5:29 | Create | Villager (Male) |
| 5:30 | Create | Villager (Male) |
| 5:34 | Build | House |
| 5:55 | Research | Loom |
| 5:56 | Research | Feudal Age |
| 5:56 | Research | Feudal Age |
| 6:21 | Build | Barracks |
| 7:24 | Build | House |
| 7:25 | Build | House |
| 8:09 | Create | Villager (Male) |
| 8:48 | Age | Feudal Age |
| 8:54 | Create | Villager (Male) |
| 8:59 | Build | Stable |
| 9:21 | Create | Villager (Male) |
| 9:26 | Build | Mining Camp |
| 9:36 | Build | Market |
| 9:48 | Create | Spearman |
| 9:49 | Create | Spearman |
| 10:02 | Build | Palisade Gate |
| 10:06 | Build | House |
| 10:26 | Research | Castle Age |
| 10:26 | Research | Castle Age |
| 10:27 | Create | Spearman |
| 10:42 | Create | Spearman |
| 11:03 | Create | Spearman |
| 11:16 | Create | Villager (Male) |
| 11:38 | Create | Spearman |
| 12:13 | Create | Spearman |
| 12:32 | Build | House |
| 12:38 | Build | Blacksmith |
| 12:44 | Build | Farm |
| 12:53 | Create | Spearman |
| 13:04 | Create | Spearman |
| 13:06 | Age | Castle Age |
| 13:11 | Research | Pikeman (upgrade) |
| 13:55 | Build | Farm |
| 13:56 | Build | Farm |
| 13:56 | Build | Farm |
| 13:56 | Build | Farm |
| 14:10 | Build | Town Center |
| 14:16 | Create | Spearman |
| 14:16 | Create | Spearman |
| 14:23 | Create | Spearman |
| 14:24 | Create | Villager (Male) |
| 14:30 | Create | Villager (Male) |
| 14:38 | Create | Camel Scout |
| 14:38 | Create | Camel Scout |
| 14:38 | Create | Camel Scout |
| 14:39 | Create | Camel Scout |
| 14:50 | Create | Villager (Male) |
| 15:07 | Research | Squires |
| 15:07 | Research | Squires |
| 15:16 | Create | Camel Scout |
| 15:19 | Build | Farm |
| 15:22 | Build | Farm |
| 15:25 | Build | Farm |
| 15:28 | Create | Villager (Male) |
| 15:28 | Create | Villager (Male) |
| 15:31 | Create | Villager (Male) |
| 15:32 | Create | Villager (Male) |
| 15:47 | Create | Camel Scout |
| 15:47 | Create | Camel Scout |
| 15:47 | Create | Camel Scout |
| 15:47 | Create | Camel Scout |
| 15:56 | Build | Farm |
| 16:03 | Create | Villager (Male) |
| 16:04 | Create | Villager (Male) |
| 16:04 | Create | Villager (Male) |
| 16:38 | Create | Camel Scout |
| 16:38 | Create | Camel Scout |
| 16:38 | Create | Camel Scout |
| 16:39 | Create | Camel Scout |
| 16:41 | Create | Spearman |
| 16:41 | Create | Spearman |
| 16:41 | Create | Spearman |
| 16:52 | Build | Farm |
| 16:53 | Build | Farm |
| 16:55 | Build | Farm |
| 16:57 | Create | Villager (Male) |
| 16:57 | Create | Villager (Male) |
| 17:16 | Create | Camel Scout |
| 17:16 | Create | Camel Scout |
| 17:16 | Create | Camel Scout |
| 17:23 | Build | Stable |
| 17:31 | Create | Villager (Male) |
| 17:31 | Create | Villager (Male) |
| 17:36 | Build | Farm |
| 17:38 | Build | Farm |
| 17:55 | Create | Villager (Male) |
| 17:56 | Create | Villager (Male) |
| 17:56 | Create | Villager (Male) |
| 17:58 | Build | Farm |
| 18:16 | Research | Forging |
| 18:17 | Research | Forging |
| 18:17 | Research | Forging |
| 18:41 | Build | Farm |
| 18:43 | Build | Farm |
| 18:43 | Create | Villager (Male) |
| 18:44 | Create | Villager (Male) |
| 18:44 | Create | Villager (Male) |
| 18:47 | Create | Villager (Male) |
| 18:47 | Create | Villager (Male) |
| 19:12 | Create | Villager (Male) |
| 19:12 | Create | Villager (Male) |
| 19:12 | Create | Villager (Male) |
| 19:44 | Build | House |
| 19:45 | Build | House |
| 19:47 | Build | House |
| 19:47 | Build | House |
| 19:55 | Research | Wheelbarrow |
| 19:55 | Research | Wheelbarrow |
| 20:23 | Create | Spearman |
| 20:24 | Create | Spearman |
| 20:24 | Create | Spearman |
Match timeline
| 3:52 | [AJJRR] Minillop · wall_segment Palisade Wall x5 |
| 5:48 | Martwy Kogut · wall_segment Palisade Wall x11 |
| 5:55 | [AJJRR] Minillop · wall_segment Palisade Wall x5 |
| 5:56 | Martwy Kogut · wall_segment Palisade Wall x7 |
| 6:01 | Martwy Kogut · wall_segment Palisade Wall x11 |
| 6:09 | [AJJRR] Minillop · wall_segment Palisade Wall x6 |
| 6:21 | Jokerwin · first_building Barracks |
| 6:34 | [AJJRR] Minillop · wall_segment Palisade Wall x5 |
| 6:35 | [AJJRR] Minillop · wall_segment Palisade Wall x1 |
| 6:37 | Rodzenberg · first_building Barracks |
| 6:44 | [AJJRR] Minillop · wall_segment Palisade Wall x3 |
| 7:34 | [AJJRR] Minillop · first_building Barracks |
| 7:39 | Martwy Kogut · first_building Barracks |
| 8:05 | Rodzenberg · age_up feudal |
| 8:09 | [AJJRR] Minillop · age_up feudal |
| 8:10 | Rodzenberg · first_building Stable |
| 8:44 | Birchman · age_up feudal |
| 8:48 | Jokerwin · age_up feudal |
| 8:49 | [AJJRR] Minillop · first_building Archery Range |
| 8:54 | Birchman · first_building Barracks |
| 8:59 | Jokerwin · first_building Stable |
| 9:20 | yopponti · age_up feudal |
| 10:11 | Rodzenberg · wall_segment Palisade Wall x6 |
| 10:12 | Rodzenberg · wall_segment Palisade Wall x3 |
| 10:14 | Martwy Kogut · first_building Archery Range |
| 10:16 | Rodzenberg · wall_segment Palisade Wall x5 |
| 10:44 | Rodzenberg · first_building Archery Range |
| 11:58 | Rodzenberg · age_up castle |
| 12:19 | Birchman · age_up castle |
| 12:37 | yopponti · first_building Barracks |
| 13:04 | Birchman · first_building Monastery |
| 13:06 | Jokerwin · age_up castle |
| 13:27 | yopponti · first_building Stable |
| 13:41 | Birchman · first_market_sell 500 stone |
| 13:41 | yopponti · age_up castle |
| 13:44 | Birchman · first_market_buy 100 food |
| 14:03 | Jokerwin · first_market_sell 100 food |
| 14:04 | Jokerwin · first_market_buy 100 wood |
| 14:46 | Rodzenberg · first_building Siege Workshop |
| 15:43 | Birchman · first_building Archery Range |
| 16:10 | yopponti · first_market_buy 100 food |
| 16:22 | Rodzenberg · first_market_sell 100 wood |
| 16:28 | Rodzenberg · first_market_buy 100 stone |
| 16:34 | [AJJRR] Minillop · age_up castle |
| 17:02 | Birchman · first_building Stable |
| 17:13 | Rodzenberg · first_building Castle |
| 17:16 | yopponti · first_market_sell 100 wood |
| 18:10 | Birchman · age_up imperial |
| 20:40 | Jokerwin · wall_segment Stone Wall x5 |
| 22:09 | Rodzenberg · resign |
[ AI ANALYSIS · 1 CREDIT ]
What really happened in this match?
Wolo.gg analyzes every decision: build order, eco, micro, common mistakes by bracket. Personalized analysis on WhatsApp or Discord in 30 seconds.
Civ guide
Ethiopians
Perfil
[AJJRR] Minillop